 Dungeon Crawl Stone Soup version 0.29.0-4-gdea44cf6ec (webtiles) character file.

Game seed: 6445877509460633089

30 Zeldest the Trooper (level 3, -4/19 HPs)
             Began as a Vine Stalker Abyssal Knight on Aug 27, 2022.
             Was a Believer of Lugonu.
             Slain by a gnoll
             ... wielding a +0 flail
              (9 damage)
             ... on level 2 of the Dungeon.
             The game lasted 00:01:39 (1856 turns).

Zeldest the Trooper (Vine Stalker Abyssal Knight)   Turns: 1856, Time: 00:01:39

Health: -4/19      AC:  3    Str: 15    XL:     3   Next: 20%
Magic:  0/5        EV: 11    Int: 10    God:    Lugonu [**....]
Gold:   66         SH:  0    Dex: 16    Spells: 2/2 levels left

rFire   . . .      SeeInvis .   g - +2 short sword (vamp)
rCold   . . .      Faith    .   (no shield)
rNeg    . . .      Spirit   +   b - +0 leather armour
rPois   .          Reflect  .   (no helmet)
rElec   .          Harm     .   (no cloak)
rCorr   .          Rampage  .   (no gloves)
Will    .....                   (no boots)
Stlth   +.........              (no amulet)
HPRegen 0.06/turn               (no ring)
MPRegen 0.09/turn               (no ring)

@: no status effects
A: fangs 2, magic shield, antimagic bite, no potion heal 2
a: Renounce Religion, Depart the Abyss, Bend Space


You were on level 2 of the Dungeon.
You worshipped Lugonu.
Lugonu was pleased with you.
You visited 1 branch of the dungeon, and saw 2 of its levels.
You visited the Abyss 1 time.

You collected 66 gold pieces.

Inventory:

Hand Weapons
 g - a +2 vampiric short sword (weapon)
 h - a +1 whip of venom
Missiles
 e - a throwing net
Armour
 b - a +0 leather armour (worn)
Scrolls
 c - 2 scrolls of identify {unknown}
 f - a scroll of brand weapon {unknown}
Potions
 a - a potion of curing {unknown}
 d - a potion of attraction {unknown}


   Skills:
 + Level 2.9 Fighting
 * Level 2.3 Short Blades
 + Level 1.9 Armour
 - Level 0.7 Dodging
 * Level 2.4 Invocations


You had 2 spell levels left.
You didn't know any spells.
Your spell library was empty.

Dungeon Overview and Level Annotations

Branches:
Dungeon (2/15)

Altars:


Innate Abilities, Weirdness & Mutations

You have extremely sharp teeth.
When hurt, damage is shared between your health and your magic reserves.
Your bite disrupts and absorbs the magic of your enemies.
Potions cannot restore your health.


Message History

You feel very sick.
No target in view!
No target in view!
You start resting.
You feel sick. x7
You are no longer poisoned.
You start resting.
Magic restored.
You start resting.
HP restored.
Things that are here:
a +1 whip of venom; a stone You now have 66 gold pieces (gained 14).
You open the door.
A goblin comes into view. It is wielding a +0 dagger.
The goblin shouts!
There is an open door here.
You hit the goblin.
You kill the goblin!
Lugonu accepts your kill.
No target in view!
A gnoll comes into view. It is wielding a +0 flail.
The gnoll moves out of view.
A gnoll comes into view. It is wielding a +0 spear.
The gnoll shouts! x2; You hear a shout!
The gnoll moves out of view.
A gnoll is nearby!
A gnoll is nearby!
A gnoll comes into view. It is wielding a +0 halberd.
There is an open door here.
Things that are here:
a +1 whip of venom; a stone
h - a +1 whip of venom The gnoll attacks as you move away!
The gnoll hits you with a +0 flail. The gnoll attacks as you move away!
The gnoll hits you with a +0 flail. The gnoll attacks as you move away!
The gnoll barely misses you. The gnoll attacks as you move away!
The gnoll hits you with a +0 flail! The gnoll attacks as you move away!
The gnoll hits you with a +0 flail.
* * * LOW HITPOINT WARNING * * *
The gnoll attacks as you move away! The gnoll hits you with a +0 flail!
You die...

### ### #.. ..#
#.######.#
#.#......#
#.#......######
#.....<(.......
#.#....@..####
..
#.......g.###
g.
#.###.###...#
.. #.#
#....g#.# g#
#.#######...#
.#
#.........g##
.# ##########.#
##g## #.#
##...## # #(#
##g....##


You could see 3 gnolls.

Vanquished Creatures
  6 ball pythons (D:1)
  A bat (D:1)
  A giant cockroach (D:1)
  3 hobgoblins (D:1)
  4 jackals (D:1)
  A quokka (D:1)
  2 frilled lizards (D:1)
  3 goblins
  5 kobolds
  2 rats (D:1)
28 creatures vanquished.

Notes
Turn   | Place    | Note
-------+----------+-------------------------------------------
     0 | Abyss:1  | Zeldest the Vine Stalker Abyssal Knight began the quest for
                  | the Orb.
     0 | Abyss:1  | Reached XP level 1. HP: 11/11 MP: 3/3
     8 | D:1      | Escaped the Abyss
   287 | D:1      | Reached XP level 2. HP: 6/16 MP: 0/4
  1287 | D:1      | Reached XP level 3. HP: 19/19 MP: 5/5
  1856 | D:2      | Slain by a gnoll

Illustrated notes

Levels and vault maps discovered:
D:1:      saegor_arrival_simple_b, layout_basic
D:2:      layout_loops_corners, basic_altar,
          ebering_ecumenical_altar_sacrificial, uniq_robin

Skill      XL: |  1 |
---------------+----+-----
Invocations    | 2 |  2.4
Short Blades   | 2 |  2.3
Fighting       | |  2.9
Armour         | |  1.9
Dodging        | |  0.7

Action                   || total
-------------------------++-------
Melee: Short sword       ||    76
       Bite              ||    10
Armor: Leather armour    ||    15
Dodge: Dodged            ||    41
